 Dungeon Crawl Stone Soup version 0.28.0-1-gb440e238dd (webtiles) character file.

Game seed: 8244899699813177249

592 a3don the Caller (level 7, 0/40 HPs)
             Began as a Kobold Summoner on Feb 21, 2022.
             Was an Initiate of Gozag.
             Succumbed to an adder's poison
             ... on level 5 of the Dungeon.
             The game lasted 00:12:41 (5185 turns).

a3don the Caller (Kobold Summoner)                  Turns: 5185, Time: 00:12:41

Health: 0/40       AC:  3    Str:  3 (5)  XL:     7   Next: 66%
Magic:  6/12       EV: 15    Int: 16 (18) God:    Gozag
Gold:   79         SH:  0    Dex: 13 (16) Spells: 3/13 levels left

rFire   + . .      SeeInvis .   A - +8 hand axe "Juasut" {vorpal, rElec rF+ rC-}
rCold   x . .      Faith    .   (no shield)
rNeg    . . .      Spirit   .   a - +0 robe
rPois   .          Reflect  .   (no helmet)
rElec   +          Harm     .   (no cloak)
rCorr   .          Rampage  .   (no gloves)
Will    .....                   q - +0 pair of boots
Stlth   ++++......              (no amulet)
HPRegen 0.13/turn               (no ring)
MPRegen 0.13/turn               (no ring)

@: lethally poisoned (0 -> -5), gold aura
A: small, no large weapons, nightstalker 3
a: Renounce Religion, Potion Petition, Call Merchant, Bribe Branch


You were on level 5 of the Dungeon.
You worshipped Gozag.
Gozag was noncommittal.
You visited 2 branches of the dungeon, and saw 6 of its levels.

You collected 141 gold pieces.
You spent 33 gold pieces at shops.
You paid 29 gold pieces to Gozag.

Inventory:

Hand Weapons
 c - a +2 short sword of draining
 m - a +2 whip of electrocution
 x - a +0 shortbow
 A - the +8 hand axe "Juasut" (weapon) {vorpal, rElec rF+ rC-}
   (You found it on level 4 of the Dungeon)

   It inflicts extra damage upon your enemies.
   rF:        It protects you from fire.
   rC:        It makes you vulnerable to cold.
   rElec:     It insulates you from electricity.
 B - a +0 rapier
Missiles
 y - 64 arrows
Armour
 a - a +0 robe (worn)
 q - a +0 pair of boots (worn)
Jewellery
 b - a ring of willpower
 n - a ring of see invisible
Scrolls
 g - a scroll of enchant weapon {unknown}
 h - 2 scrolls of identify
 i - 2 scrolls of amnesia
 s - a scroll of blinking {unknown}
 u - a scroll of vulnerability {unknown}
Potions
 d - 3 potions of heal wounds {unknown}
 e - 2 potions of degeneration
 f - a potion of flight {unknown}
 j - a potion of haste {unknown}
 k - a potion of invisibility {unknown}
 l - a potion of might {unknown}
 p - a potion of magic {unknown}
 r - 2 potions of resistance {unknown}
 t - a potion of mutation {unknown}
 v - a potion of ambrosia {unknown}
 z - a potion of attraction {unknown}


   Skills:
 + Level 2.5 Fighting
 + Level 3.0 Short Blades
 - Level 4.0 Dodging
 - Level 4.6 Stealth
 + Level 3.6 Spellcasting
 * Level 5.3 Summonings
 * Level 2.7 Air Magic


You had 3 spell levels left.
You knew the following spells:

 Your Spells              Type           Power      Damage    Failure   Level
a - Summon Small Mammal   Summ           76%        N/A       1%          1
b - Call Canine Familiar  Summ           19%        N/A       6%          3
c - Call Imp              Summ           19%        N/A       3%          2
d - Summon Lightning Spi  Summ/Air       15%        N/A       32%         4

Your spell library contained the following spells:

 Spells                   Type           Power      Damage    Failure   Level
 Beastly Appendage        Tmut           4%         N/A       19%         1
 Summon Guardian Golem    Hex/Summ       11%        N/A       19%         3
 Wereblood                Tmut           2%         N/A       26%         2
 Spider Form              Tmut/Pois      2%         N/A       47%         3
 Borgnjor's Revivificati  Necr           1%         N/A       100%        8
 Necromutation            Tmut/Necr      1%         N/A       100%        8
 Death's Door             Necr           1%         N/A       100%        9


Dungeon Overview and Level Annotations

Branches:
Dungeon (5/15)             Temple (1/1) D:4

Altars:
Cheibriados
Dithmenos
Elyvilon
Fedhas
Gozag
Kikubaaqudgha
Makhleb
Nemelex Xobeh
Okawaru
Qazlal
Ru
Trog
Uskayaw
Vehumet
Xom
Yredelemnul
Zin

Shops:
D:3 !


Innate Abilities, Weirdness & Mutations

You are small and have problems with some larger weapons.
You are completely attuned to the shadows.


Message History

The adder closely misses you. The adder misses you.
The gnoll sergeant hits you from afar with a +0 spear.
* * * LOW HITPOINT WARNING * * *
Your hound bites the gnoll sergeant.
You hit the adder.
The adder is heavily wounded.
Your hound bites the gnoll sergeant but does no damage.
The adder barely misses you.
Your hound bites the gnoll sergeant but does no damage.
The gnoll sergeant barely misses you.
The gnoll hits your hound with a +0 spear.
The adder closely misses you.
You closely miss the adder.
The adder is heavily wounded.
Your hound barely misses the gnoll sergeant.
The adder bites you.
* * * LOW HITPOINT WARNING * * *
You are poisoned.
The adder poisons you!
The gnoll sergeant completely misses you.
The gnoll barely misses your hound.
Your hound barely misses the gnoll sergeant.
You miss the adder.
The adder is heavily wounded.
* * * LOW HITPOINT WARNING * * *
You feel very sick. The adder closely misses you.
Your hound bites the gnoll sergeant but does no damage.
The gnoll sergeant hits you from afar with a +0 spear.
* * * LOW HITPOINT WARNING * * *
The gnoll hits your hound with a +0 spear.
The adder bites you.
* * * LOW HITPOINT WARNING * * *
Your hound barely misses the gnoll.
Unknown command.
It was a potion of degeneration.
There was something very wrong with that liquid.
You feel weakened.
You feel dopey.
You feel clumsy.
You die...
Your body crumbles into a pile of gold.

.......#######
.......##....#
.......##....#
.......##....#
........#....#
$.......<#....# $.
#######......# ###.#
####.........#
#####...###@...####..(.#
.......>..Z###gS.####
#....#
......##...$ggh###
#....# ...o..<....5####
###### ...o...####.#
..#<.o). #.# ##..{o##
.#.# ....g.# .#
......###.#


You could see a gnoll sergeant, 2 gnolls, an adder and a friendly hound
(summoned).

Vanquished Creatures
  A scorpion (D:4)
  An orc priest (D:3)
  A centaur skeleton (D:4)
  A hound (D:5)
  A gnoll shaman (D:4)
  A hound skeleton (D:4)
  2 adders (D:4)
  3 gnolls (D:4)
  A white imp (D:5)
  An adder skeleton (D:4)
  2 worms (D:2)
  A dart slug (D:4)
  2 orcs (D:5)
  6 ball pythons
  6 bats
  4 endoplasms
  5 giant cockroaches
  5 goblins
  6 hobgoblins
  A quokka (D:3)
  5 frilled lizards
  5 kobolds
  3 rats
64 creatures vanquished.

Vanquished Creatures (collateral kills)
  A black bear (D:4)
  A centaur (D:4)
  A scorpion (D:4)
  2 orc wizards
  A gnoll (D:4)
  A worm (D:2)
  An orc (D:3)
  A bat (D:1)
  2 kobolds (D:1)
11 creatures vanquished.

Grand Total: 75 creatures vanquished

Notes
Turn   | Place    | Note
-------+----------+-------------------------------------------
     0 | D:1      | a3don the Kobold Summoner began the quest for the Orb.
     0 | D:1      | Reached XP level 1. HP: 10/10 MP: 3/3
   120 | D:1      | Found a faded altar of an unknown god.
   415 | D:1      | Reached XP level 2. HP: 15/15 MP: 5/5
  1204 | D:1      | Reached XP level 3. HP: 19/19 MP: 6/6
  1329 | D:2      | Learned a level 3 spell: Call Canine Familiar
  1332 | D:2      | Learned a level 2 spell: Call Imp
  1560 | D:2      | Found a shadowy altar of Dithmenos.
  2453 | D:3      | Found Buruqer's Distillery.
  2459 | D:3      | Bought a potion of curing for 33 gold pieces
  2609 | D:3      | Reached XP level 4. HP: 24/24 MP: 6/8
  2699 | D:3      | Found a stormy altar of Qazlal.
  2779 | D:3      | Reached skill level 1 in Fighting
  2779 | D:3      | Reached skill level 1 in Short Blades
  2779 | D:3      | Reached XP level 5. HP: 12/29 MP: 3/9
  3061 | D:4      | Noticed a centaur
  3069 | D:4      | Killed a centaur
  3070 | D:4      | Reached skill level 1 in Air Magic
  3073 | D:4      | Reached XP level 6. HP: 17/34 MP: 4/10
  3319 | D:4      | Noticed a black bear
  3337 | D:4      | Killed a black bear
  3618 | D:4      | Reached XP level 7. HP: 40/40 MP: 12/12
  3627 | D:4      | Learned a level 4 spell: Summon Lightning Spire
  3983 | D:4      | Reached skill level 5 in Summonings
  4201 | D:4      | Found a staircase to the Ecumenical Temple.
  4230 | D:4      | Identified the +8 hand axe "Juasut" {vorpal, rElec rF+ rC-}
  4575 | Temple   | Entered the Ecumenical Temple
  4751 | Temple   | Became a worshipper of Gozag Ym Sagoz the Greedy
  4960 | D:5      | Entered Level 5 of the Dungeon
  4973 | D:5      | Noticed a troll
  4996 | D:4      | Noticed a nameless horror
  5184 | D:5      | HP: 1/40 [adder (3)]
  5185 | D:5      | Succumbed to an adder's poison

Illustrated notes

Levels and vault maps discovered:
D:1:      sevenhm_arrival_forest_fort_large_4, layout_loops_ring,
          serial_co_window_serial, co_window_corner_a, co_window_corner_a,
          co_window_paths_a, co_window_corner_a, co_window_paths_a,
          co_window_paths_c, co_window_corner_cb, co_window_broadway_a,
          co_window_unsneaky_path_e, co_window_broadway_b, glass_columns_a,
          glass_columns_b, glass_columns_a, glass_columns_b,
          hellmonk_ecumenical_altar_blasted
D:2:      layout_basic, basic_altar, minmay_misc_feat_columns,
          ebering_dispersal_statue_hall
D:3:      layout_loops_ring, grunt_qazlal_clouds, serial_shops,
          nicolae_lakefront_shop, grunt_ministairs_14, minmay_misc_feat_roman,
          minmay_misc_feat_ornament
D:4:      layout_layer_cave, minmay_temple_entry_junction
D:5:      layout_rooms, minmay_manual_monstrance
Temple:   mainiacjoe_temple_archimedes_tessellation

Skill      XL: |  1  2  3  4  5  6  7 |
---------------+----------------------+-----
Stealth        | 3 4 |  4.6
Dodging        | 3 4 |  4.0
Fighting       | 1 2 |  2.5
Short Blades   | 1 2 3 |  3.0
Spellcasting   | 3 |  3.6
Air Magic      | 1 2 |  2.7
Summonings     | 5 |  5.3

Action                   |  1- 3 |  4- 6 |  7- 9 || total
-------------------------+-------+-------+-------++-------
Melee: Short sword       |    58 |    37 |    21 ||   116
       Unarmed           |     1 |       |       ||     1
       Hand axe          |       |       |    28 ||    28
       Punch             |       |       |     1 ||     1
 Cast: Summon Small Mamm |     4 |     3 |     3 ||    10
       Call Imp          |     1 |     6 |     4 ||    11
       Call Canine Famil |     1 |     4 |     7 ||    12
  Use: Potion            |       |     1 |     1 ||     2
       Scroll            |       |       |     3 ||     3
 Stab: Sleeping          |    22 |     5 |     8 ||    35
Armor: Robe              |    10 |    11 |     5 ||    26
Dodge: Dodged            |    31 |    52 |    56 ||   139
